Cogmind - Beta 16.1 @@@ ROGUE MODE // 2026.03.03 @ 17:05:05 Player: H3-MLN Result: Destroyed by D-53 Grenadier with Mini Grenade Launcher Performance ------------- Evolutions (0) 0 Regions Visited (4) 800 Robots Destroyed (48) 240 Value Destroyed (703) 703 Prototype IDs (37) 740 Alien Tech Used (0) 0 Bonus (249) 249 TOTAL SCORE: 2732 Bonus ------- Follower Combat Kills 74 Aligned with FarCom 300 Friendly Fire -125 Cogmind --------- Core Integrity 0/250 Matter 108/300 Energy 60/200 System Corruption 0% Temperature Cool (18) Movement Treading (240) Ox1 Location -9/Mines Parts ------- > --- POWER (1) -------- Subdweller Power Source > --- PROPULSION (2) --- Improved Treads Improved Treads > --- UTILITY (2) ------ Huge Storage Unit > --- WEAPON (2) ------- Mini Grenade Launcher > --- INVENTORY (25) --- Improved Treads Subdweller Monowheel Cesium-ion Thruster High-capacity Matter Pod (200) 0b10 Alert Chip Hardened Light Armor Plating Hacking Suite System Shield Trap Reconfigurator Army-in-a-Box (30/30) Mini Grenade Launcher Mini Grenade Launcher Datajack Peak State ------------ > --- POWER ------------ Subdweller Power Source > --- PROPULSION ------- Improved Treads Wheel > --- UTILITY ---------- Huge Storage Unit Improved Light Armor Plating > --- WEAPON ----------- Heavy Particle Cannon Datajack > --- INVENTORY -------- Improved Treads Improved Treads Improved Treads Subdweller Monowheel Cesium-ion Thruster High-capacity Matter Pod 0b10 Alert Chip Hardened Light Armor Plating Hardened Light Armor Plating Hacking Suite System Shield Trap Reconfigurator Army-in-a-Box EM Pulse Gun Pulse Rifle Assault Rifle Grenade Launcher Mini Grenade Launcher Mini Grenade Launcher Mini Grenade Launcher [Rating: 23] Favorites ----------- Power Ion Engine Engine Ion Engine Propulsion Improved Treads Treads Improved Treads Wheel Compact Wheel Utility Huge Storage Unit Device Disposable Heat Sink Storage Huge Storage Unit Protection Improved Light Armor Plating Weapon Assault Rifle Energy Gun Medium Laser Energy Cannon Heavy Particle Cannon Ballistic Gun Assault Rifle Launcher Grenade Launcher Special Melee Weapon Datajack Build | -11 -10 -10 -10 -9 ------- Run | Yrd Mat Min Exi Min Slots Evolved . | . . . . . Power . | . . . . . Propulsion . | . . . . . Utility . | . . . . . Weapon . | . . . . . Parts Attached 29 | 7 10 4 2 6 Power 3 | 1 1 1 . . Engine 3 | 1 1 1 . . Core . | . . . . . Reactor . | . . . . . Propulsion 7 | 2 1 1 1 2 Treads 3 | . 1 . . 2 Leg . | . . . . . Wheel 4 | 2 . 1 1 . Hover . | . . . . . Flight . | . . . . . Utility 7 | 2 3 1 . 1 Device 2 | 1 1 . . . Storage 2 | 1 1 . . . Processor . | . . . . . Hackware . | . . . . . Protection 3 | . 1 1 . 1 Artifact . | . . . . . Weapon 12 | 2 5 1 1 3 Energy Gun 3 | 1 . . . 2 Energy Cannon 2 | . 1 1 . . Ballistic Gun 2 | 1 1 . . . Ballistic Cannon . | . . . . . Launcher 4 | . 3 . . 1 Special Weapon . | . . . . . Impact Weapon . | . . . . . Slashing Weapon . | . . . . . Piercing Weapon . | . . . . . Special Melee Weapon 1 | . . . 1 . Unidentified Prototypes . | . . . . . Parts Lost 11 | . . 2 . 9 Power 1 | . . 1 . . Propulsion 3 | . . 1 . 2 Utility 2 | . . . . 2 Weapon 5 | . . . . 5 Highest Loss Streak 9 | . . 1 . 9 To Critical Strikes . | . . . . . Average Backups 20 | 2 18 24 21 19 Power . | . . . . . Propulsion 6 | 1 7 7 5 4 Utility 4 | . 2 4 6 7 Weapon 8 | . 7 10 8 5 Tool/Special . | . . . . . Unused Backups 17 | . . 2 4 11 Power . | . . . . . Propulsion 6 | . . 2 2 2 Utility 7 | . . . . 7 Weapon 4 | . . . 2 2 Tool/Special . | . . . . . Average Slot Usage (%) 99 | . 99 100 100 98 Engine 14 | . 14 14 14 14 Treads 13 | . 13 14 13 7 Wheel 14 | . 14 14 14 21 Storage 14 | . 14 14 14 14 Protection 13 | . 13 14 14 14 Energy Cannon 11 | . 7 13 14 13 Ballistic Gun 13 | . 19 14 . 11 Special Melee Weapon 2 | . . . 11 . Peak Build Rating 23 | 7 12 17 23 23 Average Rating 15 | 5 11 15 20 22 On Entrance 11 | . 7 12 17 23 Avg Prop Armor Cover (%) 9 | . 8 9 10 9 Naked Turns . | . . . . . Heaviest Build 98 | 13 95 98 97 97 Greatest Support 32 | 32 32 16 30 30 Greatest Overweight (x) 9 | . 5 9 9 9 Average Overweight (x) 5 | . 4 6 8 4 Largest Inventory Capacity 25 | 8 25 25 25 25 Average Capacity 23 | 7 22 25 25 25 Most Carried 25 | 6 25 25 25 25 Average Carried 21 | 2 18 24 24 24 Final Capacity 25 | 8 25 25 25 25 Final Carried 25 | 6 25 23 25 18 Class Distribution -------------------- 100% | Mutant Dominant Class ---------------- Mutant | -10/Materials Mutant | -10/Mines Mutant | -10/Exiles Mutant | -9/Mines Resources | -11 -10 -10 -10 -9 ----------- Run | Yrd Mat Min Exi Min Matter Collected 1180 | 285 658 189 10 38 Remotely 10 | 10 . . . . Salvage Created 1035 | 126 544 292 . 73 Parts 80 | 7 58 10 . 5 Haulers Intercepted 1 | . 1 . . . Recyclers Shooed 1 | . . 1 . . Parts Field Recycled . | . . . . . Retrieved Matter . | . . . . . Parts Self-Destructed . | . . . . . Prevented . | . . . . . Parts Restored . | . . . . . Kills | -11 -10 -10 -10 -9 ------- Run | Yrd Mat Min Exi Min Combat Hostiles Destroyed 32 | . 21 7 . 4 Guns 4 | . 3 . . 1 Cannons 7 | . 3 4 . . AOE 21 | . 15 3 . 3 Classes Destroyed 12 | 2 8 1 . 1 Worker 3 | . 2 1 . . Builder 3 | . 2 1 . . Tunneler 3 | 2 . 1 . . Hauler 1 | . 1 . . . Recycler 3 | 1 1 1 . . Operator 2 | . 2 . . . Watcher 1 | . 1 . . . Swarmer 21 | . 15 3 . 3 Grunt 9 | . 5 3 . 1 Subdweller 1 | . 1 . . . Assembled 1 | . . 1 . . Guerrilla 1 | . . . . 1 Best Kill Streak 5 | 3 5 3 . 4 Combat Bots Only 4 | . 4 3 . 4 Max Kills in Single Turn 3 | 2 3 2 . 2 Gunslinging . | . . . . . Exploded 3 | . 3 2 . 2 Melee . | . . . . . Uniques/NPCs Destroyed . | . . . . . Combat | -11 -10 -10 -10 -9 -------- Run | Yrd Mat Min Exi Min Hostile Shots Fired 111 | . 53 28 . 30 Missed 33 | . 23 5 . 5 Hits 78 | . 30 23 . 25 Projectile 78 | . 30 23 . 25 AOE 26 | . . . . 26 Critical Strikes 1 | . . 1 . . Damage Taken 1686 | . 367 261 . 1058 Core 253 | . 93 23 . 137 Absorbed by Shields . | . . . . . Core Remaining (%) 100 | 100 . . . . Volleys Fired 114 | 5 45 41 6 17 Largest 2 | 2 2 2 1 2 Hottest 95 | 70 80 95 30 95 Shots Fired 179 | 10 77 64 6 22 Gun 92 | 10 51 23 . 8 Cannon 56 | . 13 38 . 5 Launcher 31 | . 13 3 6 9 Special . | . . . . . Kinetic 84 | 5 51 23 . 5 Thermal 64 | 5 13 38 . 8 Explosive 31 | . 13 3 6 9 Electromagnetic . | . . . . . Robot Hit Streak 9 | 8 9 4 . 5 Robot Miss Streak 4 | . 3 4 . 1 Penetration Max . | . . . . . Secondary Targets . | . . . . . Shots Hit Robots 89 | 8 42 21 4 14 Core Hits 69 | 4 40 12 . 13 Critical Kills . | . . . . . Critical Parts Destroyed . | . . . . . Critical Strikes . | . . . . . Melee Attacks 4 | . . . 4 . Impact . | . . . . . Slashing . | . . . . . Piercing . | . . . . . Sneak Attacks 4 | . . . 4 . Combat Hostiles . | . . . . . Follow-up Attacks . | . . . . . Damage Inflicted 2924 | 113 1455 670 . 686 Guns 735 | 113 384 136 . 102 Cannons 608 | . 196 285 . 127 Explosions 1581 | . 875 249 . 457 Melee . | . . . . . Ramming . | . . . . . Kinetic 620 | 50 384 136 . 50 Thermal 723 | 63 196 285 . 179 Explosive 1581 | . 875 249 . 457 Electromagnetic . | . . . . . Impact . | . . . . . Slashing . | . . . . . Piercing . | . . . . . Highest Corruption . | . . . . . Average Corruption . | . . . . . Corruption Purged . | . . . . . Corruption Blocked . | . . . . . Overload Shots . | . . . . . Overflow Damage 55 | . 18 24 . 13 Projectiles 8 | . 8 . . . Explosions 47 | . 10 24 . 13 Melee . | . . . . . Knockbacks . | . . . . . Impact . | . . . . . Kinetic . | . . . . . Secondary . | . . . . . Self-Inflicted Damage 136 | . 108 19 . 9 Shots 6 | . 4 1 . 1 Rammed . | . . . . . Targets Rammed . | . . . . . Kicked . | . . . . . Crushed . | . . . . . Highest Temperature 297 | 27 144 297 . 73 Average Temperature 53 | 12 45 65 . 34 Received Heat Transfer 69 | . 36 24 . 9 Effects 1 | . . 1 . . Interference 1 | . . 1 . . Siege Activations . | . . . . . Martial Activations . | . . . . . Shielding Activations . | . . . . . Robots Disrupted . | . . . . . Combat Hostiles . | . . . . . Robots Corrupted . | . . . . . Combat Hostiles . | . . . . . Parts Fried . | . . . . . Impact Corruptions . | . . . . . Robots Melted . | . . . . . Combat Hostiles . | . . . . . Parts Melted . | . . . . . Heat Transferred 1295 | 185 407 407 . 296 Parts Sabotaged . | . . . . . Parts Stolen . | . . . . . Parts Stripped . | . . . . . Power Chain Reactions . | . . . . . Alert | -11 -10 -10 -10 -9 ------- Run | Yrd Mat Min Exi Min Maximum Alert Level 1 | . 1 . . . Low Security (%) 85 | 100 67 100 . 100 Level 1 14 | . 32 . . . Level 2 . | . . . . . Level 3 . | . . . . . Level 4 . | . . . . . Level 5 . | . . . . . High Security . | . . . . . Max Security . | . . . . . Peak Influence 291 | 15 291 87 . 176 Initial 46 | . 3 46 . . Average 88 | 3 149 25 . 113 Influence Increases 1116 | 15 632 261 . 208 Destroy 0b10 Robot/C 680 | . 400 140 . 140 Destroy 0b10 Robot/NC 80 | 15 45 20 . . Destroy Leader 114 | . 84 10 . 20 Allied During Kill 39 | . . 28 . 11 Successful Hack 18 | . 18 . . . Disable Machine 60 | . 45 15 . . Destroy Structure 95 | . 40 18 . 37 Lose Combat Pursuer 30 | . . 30 . . Influence Decreases 1116 | 10 517 357 24 208 Entered New Map 100 | . 2 74 24 . Time Decay 917 | 10 515 272 . 120 Lost Part 59 | . . 11 . 48 Lost Ally 40 | . . . . 40 Squads Dispatched 4 | . 3 1 . . Investigation 2 | . 1 1 . . Extermination . | . . . . . Reinforcement 2 | . 2 . . . Assault . | . . . . . Garrison . | . . . . . Intercept . | . . . . . Searches Triggered . | . . . . . Construction Impeded . | . . . . . Haulers Reinforced . | . . . . . Active Scanning Responses . | . . . . . Cargo Convoy Interrupts . | . . . . . Stealth | -11 -10 -10 -10 -9 --------- Run | Yrd Mat Min Exi Min Distress Signals 2 | . 1 1 . . Communications Jammed . | . . . . . Distress Signals . | . . . . . Times Spotted 46 | . 28 10 . 8 Peak Tracking Total 9 | . 4 3 9 3 Tactical Retreats 1 | . . 1 . . Traps | -11 -10 -10 -10 -9 ------- Run | Yrd Mat Min Exi Min Traps Triggered 2 | . 2 . . . Indirectly . | . . . . . Trap Hack Attempts . | . . . . . Triggered . | . . . . . Disarmed . | . . . . . Reprogrammed . | . . . . . Reused . | . . . . . Traps Extracted . | . . . . . Installed . | . . . . . Triggered . | . . . . . Machines | -11 -10 -10 -10 -9 ---------- Run | Yrd Mat Min Exi Min Machines Disabled 8 | . 3 1 4 . Max in Single Turn 2 | . 1 1 2 . Machines Repaired . | . . . . . Machines Dismantled . | . . . . . Machines Sabotaged . | . . . . . Overloaded Fab Kills . | . . . . . Hacking | -11 -10 -10 -10 -9 --------- Run | Yrd Mat Min Exi Min Machines Accessed 9 | . 6 1 2 . Terminals 4 | . 4 . . . Fabricators . | . . . . . Repair Stations . | . . . . . Recycling Units 2 | . 2 . . . Scanalyzers . | . . . . . Garrison Access . | . . . . . Total Hacks 22 | . 16 1 5 . Successful 15 | . 9 1 5 . Failed 7 | . 7 . . . Catastrophic 1 | . 1 . . . Database Lockouts . | . . . . . Manual 8 | . 7 . 1 . Terminals 11 | . 11 . . . Fabricators . | . . . . . Repair Stations . | . . . . . Recycling Units 5 | . 5 . . . Scanalyzers . | . . . . . Garrison Access . | . . . . . Terminal Hacks 12 | . 6 1 5 . Record 4 | . . . 4 . Part Schematic 1 | . 1 . . . Robot Analysis 2 | . 2 . . . Open Door 1 | . . 1 . . Locate Traps 1 | . 1 . . . Hauler Manifests 1 | . 1 . . . Zone Layout 1 | . 1 . . . Proto ID Catalog 1 | . . . 1 . Fabricator Hacks . | . . . . . Repair Station Hacks . | . . . . . Recycling Unit Hacks 3 | . 3 . . . Report Inventory 2 | . 2 . . . Retrieve Components 1 | . 1 . . . Scanalyzer . | . . . . . Garrison Access Hacks . | . . . . . Unauthorized Hacks . | . . . . . Terminals . | . . . . . Fabricators . | . . . . . Repair Stations . | . . . . . Recycling Units . | . . . . . Scanalyzers . | . . . . . Garrison Access . | . . . . . Data Cores Recovered . | . . . . . Used . | . . . . . Hacking Detections 5 | . 5 . . . Full Trace Events . | . . . . . Feedback Events . | . . . . . Feedback Blocked . | . . . . . Robot Schematics Acquired . | . . . . . Robots Built . | . . . . . Authchips . | . . . . . Time . | . . . . . Total Robot Build Rating . | . . . . . Part Schematics Acquired 1 | . 1 . . . Parts Built . | . . . . . Authchips . | . . . . . Time . | . . . . . Total Part Build Rating . | . . . . . Part Studies Acquired . | . . . . . Parts Repaired . | . . . . . Time . | . . . . . Parts Recycled . | . . . . . Recycled Matter . | . . . . . Retrieved Matter . | . . . . . Retrieved Components 9 | . 9 . . . Parts Scanalyzed . | . . . . . Part Schematics Acquired . | . . . . . Parts Damaged . | . . . . . Bothacking | -11 -10 -10 -10 -9 ------------ Run | Yrd Mat Min Exi Min Used RIF Installer . | . . . . . Robots Hacked 4 | . . . 4 . Non-combat 3 | . . . 3 . Combat 1 | . . . 1 . Robot Hacks Applied 4 | . . . 4 . parse_system 4 | . . . 4 . Relay Couplers Released . | . . . . . Fabnet Peak Effective % . | . . . . . Robots Rewired . | . . . . . Allies Hacked . | . . . . . Hacks Repelled . | . . . . . Allies | -11 -10 -10 -10 -9 -------- Run | Yrd Mat Min Exi Min Total Allies 5 | . . 5 . . Largest Group 4 | . . 4 4 1 Highest-Rated Group 90 | . . 90 90 16 Highest-Rated Ally 31 | . . 31 31 16 Total Orders 2 | . . . 2 . STAY 1 | . . . 1 . FOLLOW 1 | . . . 1 . Ally Attacks 28 | . . 17 . 11 Total Damage 314 | . . 184 . 130 Kills 6 | . . 3 . 3 Allies Corrupted . | . . . . . Allies Melted . | . . . . . Intel | -11 -10 -10 -10 -9 ------- Run | Yrd Mat Min Exi Min Active Infowar (turns) . | . . . . . Robot Analysis Total 2 | . 2 . . . Derelict Logs Recovered 1 | . . 1 . . Drone Launches . | . . . . . Drone Recoveries . | . . . . . Exploration | -11 -10 -10 -10 -9 ------------- Run | Yrd Mat Min Exi Min Turns Passed 4421 | 92 1623 1573 867 266 Spaces Moved 2175 | 63 830 743 402 137 Core 7 | 7 . . . . Treads 24 | . 24 . . . Legs . | . . . . . Wheels 2144 | 56 806 743 402 137 Hover . | . . . . . Flight . | . . . . . Fastest Speed 50 | 50 100 175 131 131 Average Speed 177 | 94 164 185 207 158 Slowest Speed 215 | 100 175 215 215 215 Overloaded Moves . | . . . . . Propulsion Burnouts . | . . . . . Robots Hopped . | . . . . . Potential Cave-ins . | . . . . . Cave-ins Triggered . | . . . . . Exploration Rate (%) 60 | 4 90 99 70 39 Regions Visited 4 Branch Regions 3 Pre-discovered Areas 2 | . . 1 1 . Known Exits Taken . | . . . . . Unknown Exits Taken 4 | 1 1 1 1 . Scrap Searched 1 | . . 1 . . Spaces Dug 64 | . 26 9 . 29 Terrain Destroyed 158 | . 39 19 38 62 Melee . | . . . . . Projectile 11 | . . 11 . . AOE 147 | . 39 8 38 62 Terrain Rammed . | . . . . . Walls Destroyed . | . . . . . Machines Disabled . | . . . . . Actions | -11 -10 -10 -10 -9 --------- Run | Yrd Mat Min Exi Min Total 2552 | 81 1004 877 427 163 Wait 159 | 1 76 78 4 . Move 2171 | 62 829 742 401 137 Hop . | . . . . . Pick Up 38 | 6 26 3 3 . Fast Attach 12 | 7 4 1 . . Attach 9 | . . 2 . 7 Detach . | . . . . . Swap 25 | . 15 5 3 2 Drop 20 | . 9 5 6 . Fire 114 | 5 45 41 6 17 Melee 4 | . . . 4 . Ram . | . . . . . Kick . | . . . . . Crush . | . . . . . Escape Stasis . | . . . . . Rewire . | . . . . . Trap . | . . . . . Miscellaneous . | . . . . . Route ------- -11/Scrapyard -10/Materials (discovered 6 exits: [*Mat x3] / *Min x2 / [*Sub]) -10/Mines (discovered 4 exits: [*Mat x2] / *Exi / [*Sub]) -10/Exiles (discovered 2 exits: [*Min x2]) -9/Mines History --------- Turn | Location | Event 3 | -11/Scrapyard | Discovered new exit (range 14) 93 | -11/Scrapyard | Entered Materials 226 | -10/Materials | Discovered new exit (range 4) 306 | -10/Materials | Build established: Mutant 462 | -10/Materials | Discovered new exit (range 15) 582 | -10/Materials | Discovered new exit (range 14) 582 | -10/Materials | Discovered new exit (range 15) 593 | -10/Materials | Derelicts attacked the area 1481 | -10/Materials | Discovered new exit (range 8) 1672 | -10/Materials | Discovered new exit (range 16) 1716 | -10/Materials | Entered Mines 1717 | -10/Mines | Learned location of Storage (-8) 1849 | -10/Mines | Met a Derelict shopkeep closing up shop 1958 | -10/Mines | Assisted by bots powering up and referring to "LRC-V3" 2113 | -10/Mines | Excavation squad dispatched 2113 | -10/Mines | A large section of the Mines collapsed 2280 | -10/Mines | Deemed a non-threat by the Exiles lab entrance 2280 | -10/Mines | Discovered new exit (range 5) 2510 | -10/Mines | Discovered new exit (range 4) 2615 | -10/Mines | Discovered new exit (range 8) 2829 | -10/Mines | Discovered new exit (range 9) 3289 | -10/Mines | Entered Exiles 3289 | -10/Exiles | Accompanied by 4 allies 3317 | -10/Exiles | Discovered new exit (range 15) 3319 | -10/Exiles | Led the pair of lost Derelicts to a safe place 3348 | -10/Exiles | Met 8R-AWN 3383 | -10/Exiles | Met EX-HEX 3462 | -10/Exiles | Met EX-DEC 3519 | -10/Exiles | Learned location of Zion (-6) 3573 | -10/Exiles | Met EX-BIN 3600 | -10/Exiles | Aligned with FarCom system 3602 | -10/Exiles | Given EX-Vault access code 3656 | -10/Exiles | Opened EX-Vault 3672 | -10/Exiles | Found Army-in-a-Box 3679 | -10/Exiles | Found 0b10 Alert Chip 3685 | -10/Exiles | Found Trap Reconfigurator 3731 | -10/Exiles | Warned to stay clear of 0b10 Research branches 4038 | -10/Exiles | Discovered new exit (range 14) 4128 | -10/Exiles | Attacked by the Exiles 4156 | -10/Exiles | Stole three prototypes: 0b10 Alert Chip, Trap Reconfigurator, Army-in-a-Box 4156 | -10/Exiles | Entered Mines 4156 | -9/Mines | Accompanied by 2 allies 4382 | -9/Mines | Assembled infested the area 4387 | -9/Mines | Assisted by a Guerilla fighting off Assembled 4405 | -9/Mines | Core integrity fell below 50% 4418 | -9/Mines | Core integrity fell below 20% 4422 | -9/Mines | Destroyed by D-53 Grenadier with Mini Grenade Launcher Last Messages --------------- 04397_ Trooper 1b destroyed. 04398_ Imp. Treads destroyed. 04400_ The unstable cave ceiling collapses. 04403_ Destroyed Shock Absorption System. 04406_ The unstable cave ceiling collapses. 04406_ K-01 Serf collects debris. 04406_ Assault Rifle destroyed. 04406_ Imp. Light Armor Plating destroyed. 04408_ Hvy. Particle Cannon destroyed. 04409_ K-01 Serf collects debris. 04415_ Wheel destroyed. 04415_ K-01 Serf collects debris. 04416_ Pulse Rifle destroyed. 04416_ K-01 Serf collects debris. 04418_ EM Pulse Gun destroyed. 04419_ D-53 Grenadier heat spikes uncontrollably. 04419_ K-01 Serf collects debris. 04421_ Grenade Launcher destroyed. 04421_ Hrd. Light Armor Plating destroyed. 04421_ R-06 Scavenger destroyed. Map ----- +----------------------------------------------------+ | ????????????????????????????????????????????? | | ????????????????????????????????????????????? | | ????????????????????????????????????????????? | | ????????????????????????????????????????????? | | ????????????????????????????????????????????? | | ????????????????????????????????????????????? | | ????????????????????????????????????????????? | | ????????????????????????????????????????????? | | ????????????????????????????????????????????? | | ????????????????????????????????????????????? | | ????????????????????????????????????????????? | | ???????????????????????###?? ??????????????? | | ??????????????????????## ?? ????????????? | | ??????????????????????# ?# #;????????????? | | ??????????????????????# # % #????????????? | | ??????????????????????# ##???????????? | | ???????????????????#??# d ????????????? | | ???????????????????# ?# d #????????????? | | ????????????????????? # = ?###?????????? | | ?????????????????????? ## ##????????? | | ??????????????????????## #????????? | | ?????????????????????## #????????? | | ????????????????????## #????????? | | ????????????????????# #????????? | | ????????????????##### #????????? | | ???# ?????????### # @ ##????????? | | ### ???????## ####?????????? | | ???????# = #????????????? | | ???????## *%= #????????????? | | ???????## ! ####????????????? | | ??# #### ##?????????????? | | #??# kk ###???????????? | | #??# ##??????????? | | #?????########## #### #??????????? | | #???????????#### #??## #??????????? | | #????????????# #???## #??????????? | | ######???????# #???## ##??????????? | | ## ##??????# ####??## ####???????????? | | ######## #????## u##??????????????? | | #???## ##??????????????? | | ## ##############??## ###????????????? | | ?####### # ########?# ## #????????? | | ????## #?# #????????? | | ##### #?## #????????? | | # """ #??# # ##????????? | | # """ #??# ##?#?????????? | | = """ #??## ####????????????? | | = """ #???#######???????????????? | | !# # = #?????????????????????????? | | # # # ########?????????????????????????? | +----------------------------------------------------+ Best States ------------- Heat Dissipation 25 Coolant Potential 50 Energy Generation 10 Energy Capacity 250 Matter Stores 300 Matter Capacity 300 Sight Range 16 Terrain Scan Density 10 Armor Coverage 150 Evasion (%) 40 Recoil Reduction 2 Item Schematics ----------------- Huge Storage Unit | -10/Materials | Hacked Robot Schematics ------------------ None Fabricated ------------ Nothing Repaired ---------- Nothing Studied --------- None Alien Tech Used ----------------- None Achievements -------------- None Challenges ------------ None Game ------ Seed OvertunedSiegeProcsplitter Manual? 0 Play Time 00:23:30 Cumulative 1388.7 hours Start 2026.03.03 @ 16:43:41 End 2026.03.03 @ 17:05:05 Sessions 1 Manual Loads 0 Difficulty Rogue Special Mode None Game No. 461 Rogue 454 Adventurer 4 Explorer 3 Win Type - Total 39 Types 18/5/2/2/1/2/4/1/2/2 Lore% 97 Gallery% 94 Achievement% 87 Wizard Run 0 Options --------- Layout 0 ASCII 0 Keyboard 0 Movement Numpad Keybinds 0 Fullscreen 2 Font 18/SmallcapsGlow Map View 76x50 Zoom Use 0% Tactical HUD 1 Map Filters NONE Filters NONE Steam 1 RUN: 3f2a4f3e-3806-4a33-bd72-40242c3deebf